 Dungeon Crawl Stone Soup version 0.31.0-12-g77e489cdc1 (webtiles) character file.

Game seed: 3871073375551557929

2279 Ekaitz the Conjurer (level 9, -5/73 HPs)
             Began as a Yellow Draconian Conjurer on Feb 28, 2024.
             Was an Initiate of Gozag.
             Killed from afar by a steam dragon (8 damage)
             ... with a ball of steam
             ... on level 7 of the Dungeon.
             The game lasted 00:18:02 (7332 turns).

Ekaitz the Conjurer (Yellow Draconian Conjurer)     Turns: 7332, Time: 00:18:03

Health: -5/73      AC: 10    Str: 11    XL:     9   Next: 16%
Magic:  5/16       EV: 13    Int: 18    God:    Gozag
Gold:   1094       SH:  0    Dex: 13    Spells: 2/17 levels left

rFire   . . .        x - +2 dagger (venom)
rCold   . . .        (no shield)
rNeg    . . .        (body armour unavailable)
rPois   .            (helmet restricted)
rElec   .            E - +1 cloak
rCorr   +            F - +0 pair of gloves
SInv    .            (no boots)
Will    .....        (no amulet)
Stlth   ++           (no ring)
HPRegen 0.32/turn    (no ring)
MPRegen 0.15/turn

%: no passive effects
@: no status effects
A: spit acid, AC +7, unfitting armour, cold-blooded, acid resistance
a: Breathe Acid, Renounce Religion, Potion Petition, Call Merchant, Bribe Branch


You were on level 7 of the Dungeon.
You worshipped Gozag.
Gozag was most pleased with you.
You visited 1 branch of the dungeon, and saw 7 of its levels.
You also visited: Sewer.

You collected 1117 gold pieces.
You paid 23 gold pieces to Gozag.

Inventory:

Hand Weapons
 b - a +1 dagger of protection
 x - a +2 dagger of venom (weapon)
Missiles
 n - 14 poisoned darts
 y - 2 throwing nets
Armour
 E - a +1 cloak (worn)
 F - a +0 pair of gloves (worn)
Magical Staves
 A - a staff of fire
Talismans
 f - a beast talisman
Wands
 r - a wand of paralysis (9)
 D - a wand of flame (11)
Scrolls
 c - 6 scrolls of identify {unknown}
 h - a scroll of amnesia {unknown}
 j - a scroll of immolation {unknown}
 l - 4 scrolls of noise {unknown}
 m - a scroll of butterflies {unknown}
 q - 2 scrolls of poison {unknown}
 s - a scroll of teleportation {unknown}
 u - 2 scrolls of blinking {unknown}
 w - 2 scrolls of enchant weapon {unknown}
 z - 2 scrolls of fear {unknown}
 B - a scroll of enchant armour {unknown}
Potions
 a - 3 potions of magic
 d - a potion of lignification {unknown}
 e - 2 potions of cancellation {unknown}
 i - a potion of mutation {unknown}
 k - 3 potions of berserk rage {unknown}
 o - 3 potions of invisibility {unknown}
 p - 2 potions of curing {unknown}
 t - a potion of heal wounds {unknown}
 v - a potion of brilliance {unknown}
 C - a potion of haste {unknown}


   Skills:
 * Level 4.8 Fighting
 + Level 2.7 Short Blades
 * Level 4.9 Dodging
 + Level 3.4 Stealth
 + Level 4.9 Spellcasting
 * Level 7.4 Conjurations
 * Level 3.9 Translocations
 * Level 0.9 Alchemy


You had 2 spell levels left.
You knew the following spells:

 Your Spells              Type           Power      Damage    Failure   Level
a - Magic Dart            Conj           100%       1d8       1%          1
b - Searing Ray           Conj           62%        2d6       1%          2
c - Momentum Strike       Conj/Tloc      50%        3d9       1%          2
d - Iskenderun's Mystic   Conj/Tloc      25%        2d7       13%         4
e - Fulminant Prism       Conj/Alch      9%         3d7       24%         4
k - Blink                 Tloc           36%        N/A       4%          2

Your spell library contained the following spells:

 Spells                   Type           Power      Damage    Failure   Level
 Lesser Beckoning         Tloc           36%        N/A       4%          2
 Call Imp                 Summ           8%         N/A       21%         2
 Stone Arrow              Conj/Erth      34%        3d9       9%          3
 Lehudib's Crystal Spear  Conj/Erth      8%         10d4      100%        8
 Animate Armour           Summ/Erth      Unusable   N/A       N/A         4

Dungeon Overview and Level Annotations

Branches:
Dungeon (7/15)             Temple (0/1) D:4           Sewer (visited)

Altars:
Cheibriados
Elyvilon
Gozag
Hepliaklqana
Uskayaw
The Shining One

Annotations:
D:5 3 runed translucent doors, tymior's ghost, novice NaDe
D:7 Pikel


Innate Abilities, Weirdness & Mutations

You can spit globs of acid.
Your golden yellow scales are hard. (AC +7)
You cannot fit into any form of body armour.
You are cold-blooded and may be slowed by cold attacks.
You are resistant to acid. (rCorr)


Message History

The steam dragon is severely wounded.
The searing ray hits Pikel but does no damage.
The steam dragon breathes steam at you. The ball of steam hits you!
* * * LOW HITPOINT WARNING * * *
A lemure comes into view.
You hear a shout!
You hear two shouts!
The steam dragon bites you.
* * * LOW HITPOINT WARNING * * *
The steam dragon claws you but does no damage.
Unknown command.
A two-headed ogre comes into view.
It is wielding a +0 giant spiked club and a +1 dire flail of protection.
The steam dragon attacks as it pursues you!
The steam dragon barely misses you.
The steam dragon claws you but does no damage.
Unknown command.
Okay, then.
Level annotation: Pikel Welcome back, Ekaitz the Yellow Draconian Conjurer.
Gozag says: Greed is good.
Press ? for a list of commands and other information.
The steam dragon attacks as it pursues you!
The steam dragon bites you but does no damage.
The steam dragon claws you.
* * * LOW HITPOINT WARNING * * *
The steam dragon attacks as it pursues you!
The steam dragon bites you but does no damage.
The steam dragon closely misses you.
Cast which spell? (? or * to list)
You blink.
The steam dragon breathes steam at you. The ball of steam hits you!
* * * LOW HITPOINT WARNING * * *
Unknown command.
You feel ready to blink again.
Pikel cracks his whip.
The steam dragon breathes steam at you. The ball of steam hits you!
You die...
Your body crumbles into a pile of gold.

#..##....##
#..#.#.##
#...#.# #.....#
##.##..# #.#
...# ##.# #..# .
#.<# ...# ... #
##@## #.#
#....#######§.##
.. #..
#......§...# #..
#...D.O....#
#..##..K.......#
#...#..o.......#
#.....5........#
###..######..###
#######..# ##..#


There were no monsters in sight!

Vanquished Creatures
  3 steam dragons (D:6)
  A water moccasin (D:7)
  Duvessa (D:5)
  2 ice beasts (D:5)
  Pargi (Sewer)
  A black bear (D:6)
  2 phantoms (D:6)
  A kobold brigand (D:5)
  A bullfrog (D:6)
  A brain worm (Sewer)
  2 scorpions (D:5)
  Blork the orc (D:4)
  Dowan (D:5)
  2 bombardier beetles (D:4)
  A gnoll bouda (D:6)
  5 hounds
  An orc priest (D:6)
  3 jellies
  An iguana (D:4)
  Robin (D:4)
  8 gnolls
  10 adders
  2 shadow imps
  A white imp (D:5)
  4 ufetubi (D:6)
  5 dart slugs
  5 orcs
  7 bats
  8 endoplasms
  4 giant cockroaches
  12 goblins
  12 hobgoblins
  4 jackals (D:1)
  9 kobolds
  3 quokkas
  9 ball pythons
  6 frilled lizards
  10 rats
151 creatures vanquished.

Notes
Turn   | Place    | Note
-------+----------+-------------------------------------------
     0 | D:1      | Ekaitz the Draconian Conjurer began the quest for the Orb.
     0 | D:1      | Reached XP level 1. HP: 14/14 MP: 3/3
   212 | D:1      | Reached XP level 2. HP: 14/22 MP: 0/5
   226 | D:1      | Learned a level 2 spell: Searing Ray
   305 | D:1      | Reached skill level 1 in Fighting
   659 | D:1      | Reached XP level 3. HP: 20/28 MP: 1/6
  1530 | D:2      | Found an opulent altar of Gozag.
  1541 | D:2      | Became a worshipper of Gozag Ym Sagoz the Greedy
  2035 | D:3      | Reached XP level 4. HP: 34/36 MP: 0/7
  2207 | D:3      | Found a white marble altar of Elyvilon.
  2217 | D:3      | Learned a level 2 spell: Momentum Strike
  2220 | D:3      | Learned a level 2 spell: Blink
  2538 | D:3      | Found a snail-covered altar of Cheibriados.
  2785 | D:4      | Reached XP level 5. HP: 38/41 MP: 3/8
  2882 | D:4      | Noticed Robin
  2886 | D:4      | Killed Robin
  2887 | D:4      | Reached skill level 5 in Conjurations
  2934 | D:4      | Found a glowing golden altar of the Shining One.
  3019 | D:4      | Found a staircase to the Ecumenical Temple.
  3096 | D:4      | Found a glowing drain.
  3126 | D:4      | Reached skill level 1 in Translocations
  3150 | Sewer    | Entered a sewer
  3229 | Sewer    | Reached skill level 1 in Short Blades
  3229 | Sewer    | Reached XP level 6. HP: 50/50 MP: 4/10
  3290 | Sewer    | Noticed Pargi
  3453 | Sewer    | Killed Pargi
  3645 | D:4      | Noticed Blork the orc
  3664 | D:4      | Killed Blork the orc
  3721 | D:4      | Your scales start taking on a golden yellow colour.
  3721 | D:4      | Reached XP level 7. HP: 45/57 MP: 0/11
  3721 | D:4      | Gained mutation: You are resistant to acid. (rCorr) [Yellow
                  | Draconian growth]
  3733 | D:4      | Learned a level 4 spell: Iskenderun's Mystic Blast
  4135 | D:5      | Entered Level 5 of the Dungeon
  4135 | D:5      | Found a hazy altar of Hepliaklqana.
  4225 | D:5      | Noticed Dowan
  4226 | D:5      | Noticed Duvessa
  4251 | D:5      | Killed Dowan
  4357 | D:5      | Killed Duvessa
  4523 | D:5      | Reached skill level 6 in Conjurations
  5138 | D:5      | Found a runed translucent gate.
  5139 | D:5      | Found a runed translucent gate.
  5139 | D:5      | Found a runed translucent gate.
  5150 | D:5      | Reached XP level 8. HP: 61/66 MP: 4/13
  5222 | D:5      | Noticed tymior's ghost (novice NaDe)
  6072 | D:6      | You fall into a shaft and drop 1 floor!
  6143 | D:6      | Reached skill level 7 in Conjurations
  6481 | D:6      | Found a hide-covered altar of Uskayaw.
  6511 | D:6      | Reached XP level 9. HP: 72/72 MP: 14/16
  6518 | D:6      | Learned a level 4 spell: Fulminant Prism
  7311 | D:7      | Noticed Pikel
  7322 | D:7      | Noticed a two-headed ogre
  7326 | D:7      | HP: 1/73 [something/ball of steam (12)]
  7332 | D:7      | Killed from afar by a steam dragon

Illustrated notes

Levels and vault maps discovered:
D:1:      dpeg_arrival_ratfight, layout_loops_ring
D:2:      layout_loops_ring, basic_altar
D:3:      layout_rooms, marbit_many_paths, lemuel_coloured_pillars_altar
D:4:      kennysheep_big_flooded_room, layout_basic, lemuel_crystal_altar,
          minmay_temple_entry_enclosed_plants, gup_sewer_entry_glass,
          dk_rats_in_the_wall, uniq_robin, uniq_blork_the_orc
D:5:      layout_loops_ring, general_overflow_altar, ebering_ghost_rock_garden,
          grunt_ministairs_7, lexackson_kobold_supper, uniq_duvessa
D:6:      layout_gridville, mainiacjoe_overflow_24_doors, minmay_door_square,
          nicolae_zig_zag_zippers
D:7:      layout_rooms, tgw_trog, minivault_24, uniq_pikel, uniq_menkaure,
          uniq_jeremiah

Skill      XL: |  1  2  3  4  5  6  7  8 |
---------------+-------------------------+-----
Fighting       | 1 2 3 4 |  4.8
Dodging        | 2 3 4 |  4.9
Stealth        | 2 3 |  3.4
Conjurations   | 5 6 7 |  7.4
Translocations | 1 2 3 |  3.9
Short Blades   | 1 2 |  2.7
Spellcasting   | 3 4 |  4.9
Alchemy        | |  0.9

Action                     |  1- 3 |  4- 6 |  7- 9 || total
---------------------------+-------+-------+-------++-------
  Melee: Dagger            |    54 |    86 |    31 ||   171
         Tailslap          |     3 |     5 |     2 ||    10
   Cast: Magic Dart        |    66 |    34 |    88 ||   188
         Searing Ray       |     4 |    12 |    31 ||    47
         Momentum Strike   |       |     2 |     1 ||     3
         Blink             |       |       |     1 ||     1
Ability: Breathe Acid      |       |       |     8 ||     8
   Stab: Sleeping          |     7 |     1 |     3 ||    11
         Distracted        |       |     1 |       ||     1
 Armour: Skin              |    54 |    74 |    98 ||   226
  Dodge: Dodged            |    63 |    76 |    92 ||   231
